 Dungeon Crawl Stone Soup version 0.31-a0-880-g9a209b2425 (webtiles) character file.

Game seed: 13583221910169702050

62 BinkBink the Ruffian (level 3, -4/37 HPs)
             Began as a Troll Berserker on Oct 15, 2023.
             Was a Believer of Trog.
             Slain by Sigmund
             ... wielding a +6 scythe of venom
              (8 damage)
             ... on level 2 of the Dungeon.
             The game lasted 00:01:03 (1119 turns).

BinkBink the Ruffian (Troll Berserker)              Turns: 1119, Time: 00:01:03

Health: -4/37      AC:  4    Str: 27    XL:     3   Next: 85%
Magic:  2/2        EV: 10    Int:  3    God:    Trog [**....]
Gold:   75         SH:  0    Dex:  9    Spells: 2/2 levels left

rFire   . .          .
                       - Unarmed
rCold   . . .        (no shield)
rNeg    . . .        a - +0 animal skin
rPois   .            (helmet restricted)
rElec   .            (no cloak)
rCorr   .            (gloves unavailable)
SInv    .            (boots unavailable)
Will    .....        (no amulet)
Stlth   +            (no ring)
HPRegen 1.06/turn    (no ring)
MPRegen 0.08/turn

%: no passive effects
@: confused
A: large, unfitting armour, claws 3, regeneration 1, shaggy fur 1, tough skin 1
a: Renounce Religion, Berserk, Trog's Hand


You were on level 2 of the Dungeon.
You worshipped Trog.
Trog was pleased with you.
You visited 1 branch of the dungeon, and saw 2 of its levels.

You collected 75 gold pieces.

Inventory:

Armour
 a - a +0 animal skin (worn)
Scrolls
 d - 2 scrolls of identify {unknown}
 e - a scroll of noise {unknown}
 h - a scroll of teleportation {unknown}
 i - a scroll of summoning {unknown}
Potions
 b - 2 potions of degeneration {unknown}
 c - a potion of might {unknown}
 f - a potion of curing {unknown}
 g - a potion of ambrosia {unknown}
 j - a potion of attraction {unknown}
 k - a potion of heal wounds {unknown}


   Skills:
 + Level 3.3 Fighting
 - Level 2.4 Dodging
 + Level 4.0 Unarmed Combat


You had 2 spell levels left.
You didn't know any spells.
Your spell library was empty.

Dungeon Overview and Level Annotations

Branches:
Dungeon (2/15)

Altars:

Shops:
D:1 (

Annotations:
D:2 Sigmund


Innate Abilities, Weirdness & Mutations

You are too large for most types of armour.
You have claws for hands.
Your natural rate of healing is unusually fast.
You are covered in fur. (AC +1)
You have tough skin. (AC +1)


Message History

You barely miss Sigmund.
Sigmund is heavily wounded.
Sigmund zaps a wand.
The puff of flame hits you!
You claw Sigmund!
Sigmund is almost dead.
You closely miss Sigmund.
Sigmund is almost dead.
Sigmund mumbles some strange words.
Sigmund flickers and vanishes!
Deactivating autopickup; reactivate with Ctrl-A.
You miss something.
You hear some strange, mumbled words.
Something tries to affect you, but you resist.
You barely miss something.
You hear a zap.
A puff of flame appears from out of thin air!
The puff of flame hits you.
You closely miss something.
You hear some strange, mumbled words.
A puff of flame appears from out of thin air!
The puff of flame hits you.
You barely miss something.
You hear some strange, mumbled words.
A puff of flame appears from out of thin air!
The puff of flame hits you!
You closely miss something.
You hear a zap.
A puff of flame appears from out of thin air!
The puff of flame hits you!
* * * LOW HITPOINT WARNING * * *
You miss something. Your claw misses something.
You hear some strange, mumbled words.
You are confused.
You're too confused to move!
You hear a zap.
A puff of flame appears from out of thin air!
The puff of flame hits you.
* * * LOW HITPOINT WARNING * * *
You bump into the rock wall.
Something hits you!
You die...

..........####.#
....#.#.#.# #.#
....#.#.#.# #.#
........#.# #.#
#..######.# #.#
#..# #.# #.#
#..######.# ##.##
..........###.#.##
....########.###@##
.....## #...## ##{#
......###....###.##
......'.......#.##
.<....###....#.##
.....## #.....##
....## #####.#
...## #.# #+# #.#


There were no monsters in sight!

Vanquished Creatures
  Terence (D:2)
  An adder (D:2)
  2 endoplasms (D:1)
  A giant cockroach (D:1)
  3 hobgoblins (D:1)
  4 jackals (D:1)
  A kobold (D:2)
  A quokka (D:1)
  5 ball pythons
  3 bats
  A frilled lizard (D:1)
  4 rats (D:1)
27 creatures vanquished.

Notes
Turn   | Place    | Note
-------+----------+-------------------------------------------
     0 | D:1      | BinkBink the Troll Berserker began the quest for the Orb.
     0 | D:1      | Reached XP level 1. HP: 22/22 MP: 0/0
    71 | D:1      | Found Ajimouv's Antique Weapon Shop.
   176 | D:1      | Reached XP level 2. HP: 27/29 MP: 1/1
   897 | D:2      | Noticed Terence
   915 | D:2      | Killed Terence
   916 | D:2      | Reached XP level 3. HP: 25/37 MP: 2/2
   944 | D:2      | Reached skill level 4 in Unarmed Combat
   994 | D:2      | Reached ** piety under Trog
  1088 | D:2      | Noticed Sigmund
  1119 | D:2      | Slain by Sigmund

Illustrated notes

Levels and vault maps discovered:
D:1:      dpeg_arrival_solitude, layout_basic, serial_shops, nicolae_shop_trees
D:2:      layout_loops_corners, uniq_natasha, uniq_terence, uniq_sigmund

Skill      XL: |  1  2  3 |
---------------+----------+-----
Fighting       | 3 |  3.3
Unarmed Combat | 4 |  4.0
Dodging        | |  2.4

Action                     || total
---------------------------++-------
  Melee: Unarmed           ||    74
   Stab: Sleeping          ||     1
 Armour: Animal skin       ||    45
  Dodge: Dodged            ||    32

Table legend: (Time is in decaauts)
 A = Elapsed time spent in this place.
 B = Non-inter-level travel time spent in this place.
 C = Inter-level travel time spent in this place.
 D = Time resting spent in this place.
 E = Time spent auto-exploring this place.
 F = Levels seen in this place.
 G = Mean time per level.
                   A        B        C        D        E       F      G
               +--------+--------+--------+--------+--------+-----+--------+
         Total |   1115 |   1087 |     28 |      6 |    916 |   2 |  557.5 |
       Dungeon |   1115 |   1087 |     28 |      6 |    916 |   2 |  557.5 |
               +--------+--------+--------+--------+--------+-----+--------+

Top non-repeatable levels by time:
     D:1: 897 daAuts
     D:2: 217 daAuts
